[Event "Thursday 25 January Rapid Engine Tour 12+1 Rounds 9 Starts 1600 ST"]
[Site "Infinity Chess"]
[Date "2018.1.25"]
[Round "9"]
[White "Wolle"]
[Black "CrapCleaner"]
[Result "1/2-1/2"]
[ECO "C53"]
[WhiteElo "2464"]
[BlackElo "2442"]
[WhiteEngine "Raubfisch X37a2_CTG"]
[BlackEngine "komodo-11.2.2-64bit_CTG"]
[EventType "Swiss"]
[WhiteTeam ""]
[BlackTeam ""]
[PlyCount "190"]
[TimeControl "720+1"]

1. e4 e5 2. Nf3 Nc6 3. Bc4 Bc5 4. c3 Nf6 5. d3 d6 6. O-O O-O 7. a4 a6 8. Bg5 Ba7 
9. b4 h6 10. Bh4 g5 11. Bg3 Ne7 12. Nbd2 Ng6 13. d4 Qe7 14. h3 Bd7 15. Re1 Rfe8 
16. Bb3 Rad8 17. b5 Qf8 18. bxa6 bxa6 19. a5 Rb8 20. Rc1 Bc8 21. Ba4 Rd8 
22. Nc4 Be6 23. Qe2 Nh5 24. Ne3 Bc8 25. Bh2 Nhf4 26. Qd2 Be6 27. Qc2 f6 
28. Rb1 Qf7 29. Rb4 h5 30. Bg3 Rxb4 31. cxb4 g4 32. hxg4 hxg4 33. d5 Bc8 
34. Nf5 Qh7 35. Nh2 Nh5 36. Nxg4 Kh8 37. Qc3 Ngf4 38. Bh4 Bxf5 39. exf5 Rg8 
40. Qf3 Qxf5 41. Nh6 Nh3+ 42. Kh2 Qxf3 43. gxf3 Rg6 44. Nf7+ Kg7 45. Bc2 Rg1 
46. Rxg1+ Nxg1 47. Kxg1 Kxf7 48. Bd3 Bd4 49. Bxa6 Bc3 50. Bc4 Bxb4 51. a6 Bc5 
52. Kf1 Nf4 53. Bb3 Kg6 54. Kg1 Ba7 55. Kh2 Kf7 56. Bg3 Ng6 57. Kg2 Bc5 
58. f4 exf4 59. Bh2 Ke8 60. Bd1 Kd8 61. Kf3 Kc8 62. Bxf4 Nxf4 63. Kxf4 Bxf2 
64. Bg4+ Kb8 65. Ke4 Ka7 66. Be2 Bc5 67. Kf5 Bd4 68. Ke6 Kb6 69. Kd7 f5 
70. Bd3 f4 71. Kc8 Ka7 72. Kxc7 Bc5 73. Kc6 f3 74. Be4 f2 75. Bd3 Bb4 
76. Kb5 Ba3 77. Be2 Bb2 78. Bd3 Bc1 79. Bf1 Be3 80. Be2 Bf4 81. Bd3 Be3 
82. Be2 Bf4 83. Bd3 Bg5 84. Be2 Bf6 85. Bd3 Be7 86. Bc4 Bf8 87. Bf1 Kb8 
88. Kc6 Ka8 89. Bd3 Ka7 90. Bc4 Be7 91. Bd3 Kb8 92. Kd7 Bf8 93. Kc6 Be7 
94. Kd7 Bf8 95. Kc6 Be7 1/2-1/2

[Event "Thursday 25 January Rapid Engine Tour 12+1 Rounds 9 Starts 1600 ST"]
[Site "Infinity Chess"]
[Date "2018.1.25"]
[Round "9"]
[White "Prometheus"]
[Black "BraveDevil"]
[Result "1/2-1/2"]
[ECO "D00"]
[WhiteElo "2469"]
[BlackElo "2400"]
[WhiteEngine "Eman 1.67-64bit-IDeA"]
[BlackEngine "Cryptic AIL V2"]
[EventType "Swiss"]
[WhiteTeam ""]
[BlackTeam ""]
[PlyCount "97"]
[TimeControl "720+1"]

1. d4 d5 2. e3 e6 3. Nd2 Nf6 4. Ngf3 Be7 5. Bd3 O-O 6. O-O b6 7. b3 Bb7 8. c4 c5 
9. dxc5 bxc5 10. Bb2 a5 11. Rc1 Nbd7 12. Qc2 a4 13. cxd5 exd5 14. e4 Nxe4 
15. Nxe4 dxe4 16. Bxe4 Bxe4 17. Qxe4 axb3 18. axb3 Bf6 19. Bxf6 Qxf6 
20. Rfd1 Rad8 21. g3 Rfe8 22. Qb7 Qf5 23. b4 cxb4 24. Nd4 Qg5 25. h4 Qh6 
26. Nc6 Nc5 27. Qb5 Rxd1+ 28. Rxd1 Ne4 29. Ne7+ Kf8 30. Qxb4 Qh5 31. Rd4 Qc5 
32. Rxe4 Qxb4 33. Rxb4 Kxe7 34. Rb7+ Ke6 35. f3 Ra8 36. Rb6+ Ke5 37. Rb3 Ra2 
38. f4+ Ke4 39. Rb7 Kf3 40. Rxf7 Rg2+ 41. Kf1 Rxg3 42. f5 Rg4 43. h5 Rg5 
44. f6 gxf6 45. h6 Rf5 46. Rxh7 Rh5 47. Ke1 Rh1+ 48. Kd2 Kf4 49. Ke2 1/2-1/2

[Event "Thursday 25 January Rapid Engine Tour 12+1 Rounds 9 Starts 1600 ST"]
[Site "Infinity Chess"]
[Date "2018.1.25"]
[Round "9"]
[White "KhalidOmar"]
[Black "ocirema"]
[Result "1/2-1/2"]
[ECO "E00"]
[WhiteElo "2464"]
[BlackElo "2451"]
[WhiteEngine "Eman 1.67a 64-bit BMI2"]
[BlackEngine "stockfish_18012314_x64_modern_CTG"]
[EventType "Swiss"]
[WhiteTeam ""]
[BlackTeam ""]
[PlyCount "119"]
[TimeControl "720+1"]

1. d4 Nf6 2. c4 e6 3. g3 Bb4+ 4. Nd2 c5 5. a3 Bxd2+ 6. Qxd2 cxd4 7. Nf3 b6 
8. Bg2 Bb7 9. O-O Bxf3 10. Bxf3 Nc6 11. Rd1 O-O 12. Bxc6 dxc6 13. Qxd4 Qxd4 
14. Rxd4 Rfd8 15. Rxd8+ Rxd8 16. Bf4 Ng4 17. f3 e5 18. fxg4 exf4 19. gxf4 Rd4 
20. e3 Rxc4 21. Rf1 Kf8 22. Kg2 Ke7 23. g5 b5 24. Kf3 a5 25. e4 a4 26. Ke3 c5 
27. Kd3 Rd4+ 28. Ke3 Rc4 29. Kd3 h5 30. gxh6 gxh6 31. Rf2 Kd7 32. Rd2 Rc1 
33. Ke3+ Ke7 34. e5 Re1+ 35. Kf3 c4 36. Rd6 Rb1 37. Rd2 Ke6 38. Ke3 h5 
39. Rd6+ Ke7 40. Rd2 f6 41. exf6+ Kxf6 42. Kd4 Kf5 43. Kc5 h4 44. Rc2 c3 
45. bxc3 h3 46. Rd2 Kxf4 47. Rd4+ Kf3 48. c4 b4 49. axb4 Rb2 50. b5 Rxh2 
51. Rd3+ Kg4 52. Kb4 Rc2 53. Rd6 h2 54. Rd1 a3 55. b6 Rb2+ 56. Kxa3 Rxb6 
57. Rh1 Kh3 58. c5 Rb5 59. Rc1 Kh4 60. Rc4+ 1/2-1/2

[Event "Thursday 25 January Rapid Engine Tour 12+1 Rounds 9 Starts 1600 ST"]
[Site "Infinity Chess"]
[Date "2018.1.25"]
[Round "9"]
[White "Ninja_Bp"]
[Black "Thinker"]
[Result "1-0"]
[ECO "A06"]
[WhiteElo "2446"]
[BlackElo "2452"]
[WhiteEngine "Houdini 6_CTG"]
[BlackEngine "BrainFish_180124_x64_modern_CTG"]
[EventType "Swiss"]
[WhiteTeam ""]
[BlackTeam ""]
[PlyCount "195"]
[TimeControl "720+1"]

1. Nf3 d5 2. d4 Nf6 3. e3 e6 4. c4 c5 5. a3 Nc6 6. dxc5 Bxc5 7. b4 Be7 
8. Nbd2 O-O 9. Bb2 b6 10. Bd3 Bb7 11. Rc1 dxc4 12. Bxc4 Rc8 13. O-O a5 
14. b5 Nb8 15. Qe2 Nbd7 16. Bd3 Rc5 17. e4 Qa8 18. Rcd1 a4 19. Bb1 Rd8 
20. Rfe1 h6 21. h3 Qa5 22. Nd4 Rdc8 23. f4 Nf8 24. Qf2 Nh5 25. e5 Rxb5 
26. Nxb5 Qxb5 27. Bd4 Ng6 28. g3 Rd8 29. Qf1 Qe8 30. Bf2 Bxa3 31. Ne4 Bb4 
32. Rxd8 Qxd8 33. Rd1 Qa8 34. Qc4 Bf8 35. Nc3 b5 36. Qxb5 Bh1 37. Qf1 Bf3 
38. Rd2 Qc6 39. Qd3 Be7 40. Rb2 a3 41. Rb8+ Bf8 42. Qd2 Bh1 43. Be1 Nf6 
44. exf6 gxf6 45. Qc2 h5 46. Ne4 Bxe4 47. Qxe4 Qc7 48. Qa8 f5 49. h4 Qc1 
50. Kf2 Kh7 51. Qf3 Bc5+ 52. Kf1 Qc4+ 53. Qd3 Qa4 54. Rb5 Be7 55. Ra5 Qc6 
56. Qe3 Bd6 57. Ke2 Ne7 58. Qd4 a2 59. Bxa2 Qg2+ 60. Qf2 Qe4+ 61. Qe3 Qc2+ 
62. Kf1 Qc6 63. Bc3 Ng6 64. Ra7 Kg8 65. Rxf7 Be5 66. Rxf5 Qa6+ 67. Kg1 Qxa2 
68. Rxe5 Qb1+ 69. Qe1 Qxe1+ 70. Rxe1 Kf7 71. Re5 Ne7 72. f5 Nxf5 73. Rxf5+ exf5 
74. g4 fxg4 75. Kf2 Ke7 76. Ke3 Kf7 77. Bb2 Ke6 78. Kf4 Kd5 79. Kg5 g3 
80. Bc1 g2 81. Be3 Ke4 82. Bg1 Kd3 83. Kxh5 Ke2 84. Bh2 g1=Q 85. Bxg1 Kf1 
86. Kg4 Kxg1 87. h5 Kf1 88. h6 Ke1 89. h7 Kd2 90. h8=Q Kd3 91. Qa1 Kc4 
92. Qa5 Kb3 93. Kf3 Kb2 94. Qa4 Kc3 95. Ke2 Kb2 96. Kd2 Kb1 97. Kc3 Kc1 98. Qa1# 
1-0

[Event "Thursday 25 January Rapid Engine Tour 12+1 Rounds 9 Starts 1600 ST"]
[Site "Infinity Chess"]
[Date "2018.1.25"]
[Round "9"]
[White "Eman"]
[Black "Coco69"]
[Result "1/2-1/2"]
[ECO "D30"]
[WhiteElo "2462"]
[BlackElo "2453"]
[WhiteEngine "Eman 1.67a 64-bit POPCNT"]
[BlackEngine "Raubfisch X37b4_CTG"]
[EventType "Swiss"]
[WhiteTeam ""]
[BlackTeam ""]
[PlyCount "98"]
[TimeControl "720+1"]

1. d4 d5 2. c4 e6 3. Nf3 Nf6 4. Nc3 c6 5. Bg5 h6 6. Bxf6 Qxf6 7. e3 Nd7 
8. Bd3 g6 9. O-O Bg7 10. e4 dxc4 11. Bxc4 Qe7 12. e5 O-O 13. Re1 Rd8 14. Rc1 b5 
15. Bd3 Bb7 16. Ne4 c5 17. Nxc5 Nxc5 18. dxc5 Qc7 19. h4 a5 20. a3 b4 
21. Qe2 bxa3 22. bxa3 Rac8 23. Ba6 Bf8 24. Rc3 Bxa6 25. Qxa6 Rd5 26. c6 Rc5 
27. Rxc5 Bxc5 28. Rd1 Kg7 29. Rc1 Qxc6 30. Qxc6 Rxc6 31. Kf1 Rc7 32. Ke2 Kf8 
33. a4 Ke8 34. Nd4 Bb6 35. Rxc7 Bxc7 36. f4 Ke7 37. Ke3 Bb6 38. Kd3 Kd7 
39. g3 h5 40. Kc4 Bxd4 41. Kxd4 Kc6 42. Kc4 Kb6 43. Kd4 Kc6 44. Kc4 Kb6 
45. Kd3 Kc5 46. Kc3 Kd5 47. Kd3 Kc5 48. Kc3 Kd5 49. Kd3 Kc5 1/2-1/2

[Event "Thursday 25 January Rapid Engine Tour 12+1 Rounds 9 Starts 1600 ST"]
[Site "Infinity Chess"]
[Date "2018.1.25"]
[Round "9"]
[White "RonWeasley"]
[Black "SkyPilot"]
[Result "1/2-1/2"]
[ECO "B97"]
[WhiteElo "2510"]
[BlackElo "2487"]
[WhiteEngine "BrainFish 130117_CTG"]
[BlackEngine "stockfish_x64_bmi2_2018_01_13_CTG"]
[EventType "Swiss"]
[WhiteTeam ""]
[BlackTeam ""]
[PlyCount "61"]
[TimeControl "720+1"]

1. e4 c5 2. Nf3 d6 3. d4 cxd4 4. Nxd4 Nf6 5. Nc3 a6 6. Bg5 e6 7. f4 Qb6 
8. Qd2 Qxb2 9. Rb1 Qa3 10. e5 h6 11. Bh4 dxe5 12. fxe5 g5 13. exf6 gxh4 
14. Be2 Qa5 15. O-O Nd7 16. Kh1 Qg5 17. Rf4 e5 18. Nd5 exd4 19. Qxd4 Bc5 
20. Qe4+ Kd8 21. Rf5 Re8 22. Qxe8+ Kxe8 23. Rxg5 hxg5 24. Nc7+ Kd8 25. Nxa8 Nxf6 
26. Nb6 Ne4 27. Nxc8 Nf2+ 28. Kg1 Ne4+ 29. Kh1 Nf2+ 30. Kg1 Ne4+ 31. Kh1 1/2-1/2

[Event "Thursday 25 January Rapid Engine Tour 12+1 Rounds 9 Starts 1600 ST"]
[Site "Infinity Chess"]
[Date "2018.1.25"]
[Round "9"]
[White "hafaba"]
[Black "Marsell"]
[Result "1/2-1/2"]
[ECO "A00"]
[WhiteElo "2469"]
[BlackElo "2487"]
[WhiteEngine "Stockfish SL FA POPCNT_CTG"]
[BlackEngine "asmFishW_2018-01-11_popcnt"]
[EventType "Swiss"]
[WhiteTeam ""]
[BlackTeam ""]
[PlyCount "88"]
[TimeControl "720+1"]

1. e3 e5 2. d4 exd4 3. exd4 d5 4. Bd3 Nf6 5. Nf3 Bd6 6. O-O O-O 7. Bg5 Bg4 
8. h3 Bh5 9. Nbd2 h6 10. Bxf6 Qxf6 11. c3 c6 12. Qb3 b6 13. Rfe1 Bf4 14. Qc2 Nd7 
15. Bh7+ Kh8 16. Bf5 Qd6 17. a4 Rae8 18. g3 Bxd2 19. Nxd2 Be2 20. a5 Nf6 
21. axb6 axb6 22. Bd3 Bxd3 23. Qxd3 Rxe1+ 24. Rxe1 c5 25. Kg2 Kg8 26. h4 Ra8 
27. Nf3 c4 28. Qf5 b5 29. g4 g6 30. Qe5 Qxe5 31. Nxe5 Ra2 32. Rb1 b4 
33. cxb4 Ne4 34. Nd7 Kg7 35. Nb6 c3 36. bxc3 Rxf2+ 37. Kg1 Rc2 38. Nxd5 Nd2 
39. Ne3 Ra2 40. Re1 Nf3+ 41. Kf1 Nh2+ 42. Kg1 Nf3+ 43. Kf1 Nh2+ 44. Kg1 Nf3+ 
1/2-1/2

[Event "Thursday 25 January Rapid Engine Tour 12+1 Rounds 9 Starts 1600 ST"]
[Site "Infinity Chess"]
[Date "2018.1.25"]
[Round "9"]
[White "MarioDeMonti"]
[Black "Time_bandit"]
[Result "0-1"]
[ECO "C55"]
[WhiteElo "2454"]
[BlackElo "2483"]
[WhiteEngine "stockfish_x64_bmi2_2018_01_13_CTG"]
[BlackEngine "asmfish-popcnt-012018-W"]
[EventType "Swiss"]
[WhiteTeam ""]
[BlackTeam ""]
[PlyCount "176"]
[TimeControl "720+1"]

1. e4 e5 2. Nf3 Nc6 3. Bc4 Nf6 4. d3 Bc5 5. c3 d6 6. O-O a5 7. Re1 h6 8. h3 O-O 
9. Nbd2 a4 10. Bb5 Bd7 11. Nf1 Ne7 12. Bxd7 Qxd7 13. Ng3 Bb6 14. d4 Rfe8 
15. Be3 Qb5 16. Rb1 exd4 17. cxd4 d5 18. e5 Ne4 19. Nh4 Nxg3 20. fxg3 g5 
21. Kh1 Qd7 22. Nf3 Nf5 23. Bf2 Rf8 24. Qd3 Ng7 25. Rf1 f6 26. exf6 Qf5 
27. Qb5 Ne8 28. g4 Nd6 29. gxf5 Nxb5 30. g4 Rae8 31. Rfe1 Re4 32. Rbc1 Rfe8 
33. Ne5 R4xe5 34. Rxe5 Rxe5 35. dxe5 Bxf2 36. e6 Kf8 37. f7 Bd4 38. Rd1 c6 
39. b3 Bf6 40. bxa4 Nc3 41. Rd3 Nxa4 42. Kg2 Nc3 43. Rd2 b5 44. Rc2 c5 
45. Rb2 Bd4 46. a3 Bf6 47. Kf3 Bd8 48. Rf2 Bc7 49. f6 c4 50. Rd2 Bf4 51. Rb2 d4 
52. a4 Bc1 53. a5 Bxb2 54. a6 Nd5 55. a7 Nc7 56. Ke4 d3 57. Kf5 Ba3 58. Kg6 d2 
59. a8=Q+ Nxa8 60. e7+ Bxe7 61. fxe7+ Kxe7 62. Kg7 d1=Q 63. f8=Q+ Kd7 
64. Qxa8 Qd6 65. Qf3 Qc6 66. Qc3 b4 67. Qd4+ Kc8 68. Qf2 c3 69. Qf8+ Kc7 
70. Kh8 c2 71. Qe7+ Kb8 72. Qxb4+ Qb7 73. Qd6+ Qc7 74. Qb4+ Kc8 75. Qe1 c1=Q 
76. Qe6+ Kb8 77. Qb3+ Qb7 78. Qg8+ Qbc8 79. Qxc8+ Kxc8 80. Kg7 Qc3+ 81. Kg6 Qxh3 
82. Kg7 Kd7 83. Kf6 Qe3 84. Kg7 Ke7 85. Kg6 Qc3 86. Kh7 Kf7 87. Kxh6 Qf6+ 
88. Kh7 Qg7# 0-1

[Event "Thursday 25 January Rapid Engine Tour 12+1 Rounds 9 Starts 1600 ST"]
[Site "Infinity Chess"]
[Date "2018.1.25"]
[Round "8"]
[White "OlivierEvan"]
[Black "Satria_Ungu"]
[Result "1/2-1/2"]
[ECO "A40"]
[WhiteElo "2385"]
[BlackElo "2362"]
[WhiteEngine "Houdini 6"]
[BlackEngine "Houdini 6_CTG"]
[EventType "Swiss"]
[WhiteTeam ""]
[BlackTeam ""]
[PlyCount "123"]
[TimeControl "720+1"]

1. d4 c6 2. e4 d5 3. e5 c5 4. Nf3 cxd4 5. Nxd4 Nc6 6. Nxc6 bxc6 7. Bd3 e6 
8. O-O Ne7 9. Be3 Ng6 10. f4 c5 11. b3 Be7 12. Nd2 Qc7 13. Qf3 O-O 14. c4 d4 
15. Bf2 a5 16. h4 f5 17. exf6 gxf6 18. h5 Nxf4 19. Bg3 e5 20. Bxf4 exf4 
21. Rae1 Ra7 22. Bf5 Bxf5 23. Qd5+ Kh8 24. Qxf5 a4 25. Rxf4 axb3 26. axb3 Bd6 
27. Rf3 Bh2+ 28. Kf1 Bg3 29. Rd1 Ra2 30. Ne4 Be5 31. h6 Qe7 32. Re1 Rfa8 
33. Ng5 Ra1 34. Rxa1 Rxa1+ 35. Ke2 Ra8 36. Qe6 Qxe6 37. Nxe6 Re8 38. Ng7 Re7 
39. Nf5 Rc7 40. Ng3 Kg8 41. Ne4 Kf7 42. g4 Kg6 43. Rh3 Bf4 44. Rh5 Bg5 
45. Kd3 Rc8 46. b4 cxb4 47. Nxg5 fxg5 48. Rh1 Rd8 49. Rb1 Rb8 50. Kxd4 Kxh6 
51. c5 Kg6 52. c6 h5 53. gxh5+ Kxh5 54. Rb3 Rd8+ 55. Kc5 g4 56. c7 Rf8 
57. Kd6 Rc8 58. Rb1 b3 59. Rxb3 Rxc7 60. Kxc7 Kh4 61. Rb5 g3 62. Rb8 1/2-1/2

[Event "Thursday 25 January Rapid Engine Tour 12+1 Rounds 9 Starts 1600 ST"]
[Site "Infinity Chess"]
[Date "2018.1.25"]
[Round "8"]
[White "neófito"]
[Black "CrapCleaner"]
[Result "0-1"]
[ECO "D31"]
[WhiteElo "2395"]
[BlackElo "2427"]
[WhiteEngine "BrainFish_180124_x64_bmi2"]
[BlackEngine "komodo-11.2.2-64bit_CTG"]
[EventType "Swiss"]
[WhiteTeam ""]
[BlackTeam ""]
[PlyCount "194"]
[TimeControl "720+1"]

1. d4 d5 2. c4 e6 3. Nc3 c6 4. e4 dxe4 5. Nxe4 Bb4+ 6. Bd2 Qxd4 7. Bxb4 Qxe4+ 
8. Be2 Qxg2 9. Qd6 Nd7 10. O-O-O Qxf2 11. Bh5 Qf5 12. Be2 Qg5+ 13. Rd2 Qg2 
14. Bf3 Qf1+ 15. Rd1 Qxc4+ 16. Kb1 a5 17. Ba3 Qb5 18. Ka1 Qe5 19. Qd2 Qf5 
20. Qg2 Ngf6 21. Bd6 Ne5 22. Bxe5 Qxe5 23. Bxc6+ Ke7 24. Nf3 Qc5 25. Ba4 b5 
26. Bb3 Ra6 27. Rc1 Qh5 28. Nd4 Bd7 29. Qb7 Rd6 30. Nc6+ Rxc6 31. Rxc6 Qe5 
32. Bd1 a4 33. Bf3 a3 34. Rb1 axb2+ 35. Rxb2 Rd8 36. Qa7 Ne8 37. a3 Kf8 
38. Rc1 Nd6 39. Qa5 Ke8 40. Be2 g5 41. Kb1 Qe4+ 42. Ka1 Ra8 43. Qc3 Ra6 
44. Bd3 Qa8 45. Rb3 Qd5 46. Be2 Rc6 47. Qh8+ Ke7 48. Rbc3 Rxc3 49. Qxc3 Qg2 
50. Qd2 h6 51. Rc7 Qe4 52. Qb2 Qf4 53. h3 Qe3 54. Bg4 Qe1+ 55. Rc1 Qa5 
56. Rf1 Bc6 57. Bh5 Bd5 58. Kb1 f5 59. Bf3 Ne4 60. Kc1 Kf7 61. Bh5+ Kg8 
62. Rd1 Qc7+ 63. Qc2 Bc4 64. Kb1 Qa5 65. Kb2 Qa7 66. Rd8+ Kh7 67. Be8 Qb6 
68. Rd7+ Kg8 69. Bf7+ Kf8 70. Bh5 Nc5 71. Rd2 Na4+ 72. Kb1 Qe3 73. Qc1 Qxh3 
74. Bd1 Nc3+ 75. Kb2 Ne4 76. Rd4 Ke7 77. a4 Qg3 78. Kb1 Nc3+ 79. Ka1 Nxd1 
80. Rxd1 Qb3 81. Rd2 Qxa4+ 82. Kb1 f4 83. Rc2 f3 84. Rh2 Qb3+ 85. Ka1 b4 
86. Rc2 Qa4+ 87. Kb1 Bd3 88. Qd2 Qxc2+ 89. Qxc2 Bxc2+ 90. Kxc2 f2 91. Kb3 f1=Q 
92. Kxb4 Qd3 93. Kc5 Qc3+ 94. Kb6 Kd6 95. Kb7 Qb3+ 96. Ka8 Kc6 97. Ka7 Qb7# 0-1

[Event "Thursday 25 January Rapid Engine Tour 12+1 Rounds 9 Starts 1600 ST"]
[Site "Infinity Chess"]
[Date "2018.1.25"]
[Round "8"]
[White "IronMan"]
[Black "angriff"]
[Result "1/2-1/2"]
[ECO "A05"]
[WhiteElo "2393"]
[BlackElo "2397"]
[WhiteEngine "Eman 1.58 64-bit BMI2"]
[BlackEngine "Stockfish SL FA POPCNT_CTG"]
[EventType "Swiss"]
[WhiteTeam ""]
[BlackTeam ""]
[PlyCount "142"]
[TimeControl "720+1"]

1. Nf3 Nf6 2. c4 c5 3. Nc3 e6 4. g3 d5 5. cxd5 exd5 6. d4 Nc6 7. Bg2 cxd4 
8. Nxd4 Bc5 9. Nb3 Bb6 10. O-O d4 11. Na4 O-O 12. Bg5 Re8 13. Nxb6 axb6 
14. e3 dxe3 15. Bxe3 Bd7 16. Re1 h6 17. h3 Qc7 18. a3 Bf5 19. Nd4 Rad8 
20. Qa4 Be4 21. Nxc6 Bxc6 22. Qf4 Qxf4 23. Bxf4 b5 24. Rac1 Rxe1+ 25. Rxe1 Kh7 
26. h4 Bxg2 27. Kxg2 Nd5 28. Bd2 Kg6 29. Rc1 b6 30. f3 h5 31. Kf2 Rd7 
32. Ke2 Re7+ 33. Kf2 Rd7 34. Rc8 Ne7 35. Rc2 Kf5 36. Ke2 Nd5 37. Rc8 g6 
38. Rc6 Re7+ 39. Kd3 Rd7 40. Ke2 Re7+ 41. Kd3 Rd7 42. Kc2 Re7 43. Rc8 Ne3+ 
44. Kc3 Nd5+ 45. Kd3 Rd7 46. Kc2 f6 47. Rc6 Rc7 48. Rxc7 Nxc7 49. Be3 Nd5 
50. Bf2 g5 51. Kd3 gxh4 52. gxh4 Kf4 53. Ke2 Ke5 54. Bg1 Nf4+ 55. Kd2 Ng6 
56. Bh2+ Kd4 57. Bg3 Ne5 58. Bf2+ Kc4 59. Ke2 f5 60. Bxb6 Kb3 61. Bd4 Nc4 
62. Bf6 Kc2 63. Bg7 Kb3 64. Kd3 Nxb2+ 65. Ke3 Kxa3 66. Kf4 Nc4 67. Kxf5 Nd2 
68. f4 Nf3 69. Ke4 Nxh4 70. f5 Nxf5 71. Kxf5 b4 1/2-1/2

[Event "Thursday 25 January Rapid Engine Tour 12+1 Rounds 9 Starts 1600 ST"]
[Site "Infinity Chess"]
[Date "2018.1.25"]
[Round "8"]
[White "BraveDevil"]
[Black "ivrdurant"]
[Result "1/2-1/2"]
[ECO "C65"]
[WhiteElo "2402"]
[BlackElo "2352"]
[WhiteEngine "Cryptic AIL V2"]
[BlackEngine "raubfisch me262_gtz16b3."]
[EventType "Swiss"]
[WhiteTeam ""]
[BlackTeam ""]
[PlyCount "193"]
[TimeControl "720+1"]

1. e4 e5 2. Nf3 Nc6 3. Bb5 Nf6 4. O-O Nxe4 5. d4 Nd6 6. Bxc6 dxc6 7. dxe5 Nf5 
8. Qxd8+ Kxd8 9. Rd1+ Ke8 10. Nbd2 Be7 11. c4 Be6 12. b3 Rd8 13. Bb2 c5 
14. Ne4 b6 15. h3 h5 16. Rxd8+ Kxd8 17. Rd1+ Kc8 18. g3 Bd7 19. Kg2 Re8 
20. Nc3 g5 21. Nd5 Bd8 22. Rh1 g4 23. hxg4 hxg4 24. Ne1 Be6 25. Nd3 Nd4 
26. Ne3 Bg5 27. Nf4 Bd7 28. Rh7 Rxe5 29. Rxf7 Re7 30. Rxe7 Bxe7 31. Nh5 Bg5 
32. Kf1 a5 33. Nf4 Bf6 34. Ng6 Kb7 35. Nd5 Bg7 36. Ne3 Be6 37. Bc3 c6 
38. Nf4 Bc8 39. Ng6 Bf6 40. Nh4 Bg5 41. Nhg2 Bf6 42. Nh4 Be6 43. Ng6 Bd7 
44. Nf8 Bc8 45. Ng6 Bg7 46. Nh4 Be6 47. Nhg2 Bg8 48. Nxg4 Bh7 49. Nf4 Bb1 
50. a3 Ba2 51. Ne3 Bxb3 52. g4 Bh6 53. Nfg2 Ba2 54. f4 a4 55. Ke1 Bb1 56. Kf2 b5 
57. Nd1 Bc2 58. Nde3 Be4 59. Nd1 Nc2 60. Be5 Nxa3 61. g5 Bf8 62. Nge3 Nc2 
63. cxb5 cxb5 64. Nc3 Bd3 65. Nxc2 Bxc2 66. Nxb5 Kc6 67. Na7+ Kd5 68. Nb5 Kc6 
69. Na7+ Kb6 70. Nc8+ Kb5 71. Nd6+ Bxd6 72. Bxd6 a3 73. Ke3 Bh7 74. Kd2 Kc4 
75. Be7 Be4 76. Bd6 Bb1 77. Kc1 Bh7 78. Kd2 Bd3 79. Be5 a2 80. Bc3 Be4 
81. Be5 Bd3 82. Kc1 Bg6 83. Kb2 Be4 84. Kxa2 Kd3 85. Kb3 c4+ 86. Kb4 Bf5 
87. Kc5 Bg6 88. Bd6 Be4 89. Be5 Bg6 90. Kd5 Bf7+ 91. Kd6 Ke4 92. Ke7 Bh5 
93. Ke6 c3 94. Bxc3 Kxf4 95. Kf6 Bg4 96. Bd2+ Ke4 97. g6 1/2-1/2

[Event "Thursday 25 January Rapid Engine Tour 12+1 Rounds 9 Starts 1600 ST"]
[Site "Infinity Chess"]
[Date "2018.1.25"]
[Round "8"]
[White "Coco69"]
[Black "star99"]
[Result "1-0"]
[ECO "B90"]
[WhiteElo "2437"]
[BlackElo "2426"]
[WhiteEngine "Raubfisch X37b4_CTG"]
[BlackEngine "Cryptic AIL V2"]
[EventType "Swiss"]
[WhiteTeam ""]
[BlackTeam ""]
[PlyCount "101"]
[TimeControl "720+1"]

1. e4 c5 2. Nf3 d6 3. d4 cxd4 4. Nxd4 Nf6 5. Nc3 a6 6. Be3 e6 7. f3 Be7 
8. Qd2 b5 9. g4 b4 10. Nce2 O-O 11. g5 Nfd7 12. O-O-O a5 13. Kb1 Nb6 14. Ng3 Ba6 
15. Bxa6 Rxa6 16. Qe2 Qc7 17. f4 Nc4 18. f5 Nxe3 19. Qxe3 e5 20. Nb5 Qb6 
21. Qxb6 Rxb6 22. f6 gxf6 23. Nf5 Rxb5 24. Nxe7+ Kh8 25. gxf6 Rb6 26. Nf5 Nd7 
27. Nxd6 Nxf6 28. Rhf1 Ng4 29. Rd3 f5 30. exf5 a4 31. h3 Nf6 32. Rfd1 Ne8 
33. Nc4 Rb8 34. Rd8 Nf6 35. Rxf8+ Rxf8 36. Nxe5 Ne4 37. Nc6 Rxf5 38. Nxb4 Rf3 
39. a3 Rxh3 40. Rd4 Kg7 41. Rxe4 Rh5 42. c4 Rd5 43. cxd5 h6 44. d6 Kg6 
45. d7 Kf5 46. Rd4 h5 47. d8=Q h4 48. Qe7 h3 49. Nd5 Kg6 50. Rg4+ Kf5 51. Ne3# 
1-0

[Event "Thursday 25 January Rapid Engine Tour 12+1 Rounds 9 Starts 1600 ST"]
[Site "Infinity Chess"]
[Date "2018.1.25"]
[Round "8"]
[White "Dovahkiin"]
[Black "MarioDeMonti"]
[Result "0-1"]
[ECO "A00"]
[WhiteElo "2433"]
[BlackElo "2438"]
[WhiteEngine "BrainFish_180113_x64_modern_CTG"]
[BlackEngine "stockfish_x64_bmi2_2018_01_13_CTG"]
[EventType "Swiss"]
[WhiteTeam ""]
[BlackTeam ""]
[PlyCount "194"]
[TimeControl "720+1"]

1. e3 e5 2. e4 Nf6 3. Nc3 Bc5 4. Bc4 c6 5. Nf3 d6 6. d3 O-O 7. a4 Re8 
8. O-O Nbd7 9. h3 h6 10. Be3 Bb4 11. Qb1 Nf8 12. Qa2 Re7 13. a5 Ng6 14. Qa4 Bxc3 
15. bxc3 Nh5 16. Rfe1 Re8 17. d4 exd4 18. cxd4 Rxe4 19. Bf1 Qc7 20. c4 Bd7 
21. Nd2 Re7 22. c5 d5 23. a6 bxa6 24. Qxa6 Nf6 25. Reb1 Be6 26. Qa5 Qd7 
27. Ra3 Ne4 28. Nf3 Rae8 29. Rba1 Ra8 30. Qa4 Qc7 31. Qc2 Bf5 32. Bd3 Rae8 
33. Rxa7 Qxa7 34. Rxa7 Rxa7 35. g4 Be6 36. Qb1 Rea8 37. Qb6 Ra1+ 38. Kg2 Rc8 
39. Kh2 Ra3 40. Ba6 Ra8 41. Bb7 R8a5 42. Bxc6 Ra2 43. Qd8+ Kh7 44. Bxd5 Bxd5 
45. Qxd5 Nxf2 46. Bd2 Nxh3 47. Kh1 Nf2+ 48. Kg1 Nh3+ 49. Kh1 Ra1+ 50. Ne1 Ra7 
51. c6 Nf2+ 52. Kh2 Nxg4+ 53. Kg3 Nf6 54. Qf5 R1a4 55. Kh2 Rxd4 56. Qc2 Rc7 
57. Ba5 Rc8 58. Nf3 Rf4 59. Kg2 Ng4 60. Bb6 Rf6 61. Qe4 h5 62. c7 Rxb6 
63. Qd4 Rf6 64. Qd8 Ne3+ 65. Kf2 Rxd8 66. cxd8=Q Ne5 67. Kxe3 Rxf3+ 68. Ke2 f6 
69. Qe8 g6 70. Qa4 g5 71. Qe8 h4 72. Kd2 h3 73. Ke2 g4 74. Qe7+ Kh6 75. Qd8 Ng6 
76. Kd1 Rf2 77. Qd4 h2 78. Qxf2 h1=Q+ 79. Kd2 Qd5+ 80. Kc1 Nf4 81. Qh4+ Qh5 
82. Qxf6+ Ng6 83. Qc3 Qe5 84. Qc6 g3 85. Qh1+ Kg5 86. Kc2 Qd4 87. Qc6 Nf4 
88. Qb5+ Kg4 89. Qb3 g2 90. Qg8+ Kf3 91. Kc1 g1=Q+ 92. Qxg1 Qxg1+ 93. Kc2 Qc5+ 
94. Kb2 Nd3+ 95. Kb3 Qb4+ 96. Kc2 Ke3 97. Kd1 Qd2# 0-1

[Event "Thursday 25 January Rapid Engine Tour 12+1 Rounds 9 Starts 1600 ST"]
[Site "Infinity Chess"]
[Date "2018.1.25"]
[Round "8"]
[White "Thinker"]
[Black "Wolle"]
[Result "1/2-1/2"]
[ECO "C50"]
[WhiteElo "2451"]
[BlackElo "2465"]
[WhiteEngine "BrainFish_180124_x64_modern_CTG"]
[BlackEngine "Raubfisch X37a2_CTG"]
[EventType "Swiss"]
[WhiteTeam ""]
[BlackTeam ""]
[PlyCount "81"]
[TimeControl "720+1"]

1. e4 e5 2. Nf3 Nc6 3. Bc4 Bc5 4. O-O Nf6 5. d3 d6 6. c3 a5 7. Nbd2 O-O 8. h3 h6 
9. Re1 Be6 10. Bb5 Qb8 11. Nf1 Qa7 12. Re2 a4 13. Ng3 Qa5 14. Bxc6 bxc6 
15. Nh4 Rfe8 16. Re1 d5 17. exd5 cxd5 18. Rxe5 Bf8 19. Qc2 c5 20. Bd2 Qc7 
21. Re2 c4 22. a3 cxd3 23. Qxd3 Reb8 24. Be3 d4 25. cxd4 Rb3 26. Qd2 Qb7 
27. Rc1 Qb5 28. Bf4 g5 29. Rxe6 fxe6 30. Be5 Rxb2 31. Qe1 Qa5 32. Rc3 Nd7 
33. Nf3 Nxe5 34. Nxe5 Rb3 35. Qe4 Qxc3 36. Qg6+ Bg7 37. Qxe6+ Kh7 38. Qg6+ Kg8 
39. Qe6+ Kh7 40. Qf5+ Kg8 41. Qe6+ 1/2-1/2

[Event "Thursday 25 January Rapid Engine Tour 12+1 Rounds 9 Starts 1600 ST"]
[Site "Infinity Chess"]
[Date "2018.1.25"]
[Round "8"]
[White "ocirema"]
[Black "Ninja_Bp"]
[Result "1/2-1/2"]
[ECO "C65"]
[WhiteElo "2451"]
[BlackElo "2446"]
[WhiteEngine "stockfish_18012314_x64_modern_CTG"]
[BlackEngine "Houdini 6_CTG"]
[EventType "Swiss"]
[WhiteTeam ""]
[BlackTeam ""]
[PlyCount "103"]
[TimeControl "720+1"]

1. e4 e5 2. Nf3 Nc6 3. Bb5 Nf6 4. O-O Nxe4 5. d4 Nd6 6. Bxc6 dxc6 7. dxe5 Nf5 
8. Qxd8+ Kxd8 9. Rd1+ Ke8 10. Nc3 Be7 11. Bg5 Bxg5 12. Nxg5 h6 13. Nf3 Be6 
14. a3 Rd8 15. h3 g5 16. Rxd8+ Kxd8 17. Rd1+ Ke8 18. Ne4 Ke7 19. g4 Bd5 
20. Nc5 Ng7 21. Nd4 b6 22. Na6 Ne6 23. Nf5+ Ke8 24. Rd3 Kf8 25. Nb4 Be4 
26. Re3 Bd5 27. Nxd5 cxd5 28. Kh2 d4 29. Re1 f6 30. exf6 Kf7 31. Ng7 Nxg7 
32. fxg7 Rd8 33. Kg2 c5 34. Re4 Rd7 35. Kf3 Kxg7 36. Ke2 c4 37. Kd2 Kf6 
38. a4 Rd5 39. Kd1 a6 40. b3 b5 41. bxc4 bxc4 42. Kc1 Rd6 43. Kd2 Kf7 
44. Kd1 Kf6 45. Re8 Re6 46. Rc8 c3 47. Rc5 Re5 48. Rc4 Re4 49. Rc6+ Re6 
50. Rc5 Re5 51. Rc6+ Re6 52. Rc5 1/2-1/2